PBL
SOUTHERN MARYLAND BLUE CRABS @ CANTON INDIANS
10/07/2045
 
TOP OF THE 1ST
Detroit Red Wings batting - Pitching for New Jersey Devils : LHP Gabe Watkins
Pitching: LHP Gabe Watkins
Batting: RHB Tony Serrano 0-0: Ground out 4-3 (Groundball, 34, EV 78.1 MPH)
Batting: RHB Bernalldino Carreto 0-0: Called Strike
0-1: Ball
1-1: Ball
2-1: Ball
3-1: Swinging Strike
3-2: Foul Ball, location: 2F
3-2: SINGLE (Line Drive, 9S, EV 111.9 MPH)
Batting: RHB Jarne ter Horst 0-0: Called Strike
0-1: Ball
1-1: Swinging Strike
1-2: Strikes out looking
Batting: RHB Aleksandr Ogryzek 0-0: Swinging Strike
0-1: Ball
1-1: Ball
2-1: Called Strike
2-2: Foul Ball, location: 2F
2-2: Fly out, F8 (Flyball, 89D, EV 101.3 MPH)
Top of the 1st over - 0 runs, 1 hit, 0 errors, 1 left on base; Detroit 0 - New Jersey 0
BOTTOM OF THE 1ST
New Jersey Devils batting - Pitching for Detroit Red Wings : LHP Luis Silva
Pitching: LHP Luis Silva
Batting: RHB Roberto Lemus 0-0: Called Strike
0-1: Foul Ball, location: 2F
0-2: Ball
1-2: Ball
2-2: Ball
3-2: SINGLE (Flyball, 7LS, EV 91.3 MPH)
Batting: RHB Ryota Tenno 0-0: Ball
1-0: SINGLE (Line Drive, 9S, EV 90.6 MPH)
Roberto Lemus to second
Runner from 2nd tries for 3rd, SAFE, throw by RF made to third
Batting: SHB Nelle van den Berg 0-0: Ball
1-0: Ball
2-0: Foul Ball, location: 2F
2-1: SINGLE (Line Drive, 7LS, EV 98.8 MPH)
Roberto Lemus scores
Ryota Tenno to second
Batting: RHB Cesar Chavez 0-0: Foul Ball, location: 2F
0-1: Ball
1-1: Ball
Ryota Tenno steals 3rd base
2-1: Called Strike
2-2: Strikes out swinging
Nelle van den Berg steals 2nd base
Batter strikes out.
Batting: RHB Victor Ponce 0-0: Called Strike
0-1: Called Strike
0-2: Ball
1-2: Strikes out looking
Batting: RHB Tom Wegner 0-0: Ball
1-0: Ball
2-0: Called Strike
2-1: Swinging Strike
2-2: Strikes out swinging
Bottom of the 1st over - 1 run, 3 hits, 0 errors, 2 left on base; Detroit 0 - New Jersey 1
TOP OF THE 2ND
Detroit Red Wings batting - Pitching for New Jersey Devils : LHP Gabe Watkins
Batting: RHB Marcos Ornelas 0-0: Ball
1-0: Ball
2-0: Ball
3-0: Base on Balls
Batting: LHB Tim Heiny 0-0: Called Strike
0-1: Called Strike
0-2: Strikes out looking
Batting: RHB Henry Murgas 0-0: Ball
1-0: Called Strike
1-1: Reached on error, E4 (Groundball, 4, EV 85.6 MPH)
Marcos Ornelas to second
Batting: RHB Chris Petros 0-0: Ball
1-0: Ball
2-0: Grounds into double play, 3-6-3 (Groundball, 34, EV 81.3 MPH)
Top of the 2nd over - 0 runs, 0 hits, 1 error, 1 left on base; Detroit 0 - New Jersey 1
BOTTOM OF THE 2ND
New Jersey Devils batting - Pitching for Detroit Red Wings : LHP Luis Silva
Batting: SHB Tomas Caldera 0-0: Ball
1-0: Called Strike
1-1: Ball
2-1: Foul Ball, location: 2F
2-2: Foul Ball, location: 2F
2-2: Strikes out looking
Batting: RHB Kazuhiro Kudo 0-0: Swinging Strike
0-1: Ball
1-1: Foul Ball, location: 2F
1-2: Ball
2-2: Foul Ball, location: 2F
2-2: Fly out, F8 (Flyball, 8RS, EV 79.4 MPH)
Batting: SHB Ryan Palermo 0-0: Called Strike
0-1: Called Strike
0-2: Foul Ball, location: 2F
0-2: Foul Ball, location: 2F
0-2: Strikes out looking
Bottom of the 2nd over - 0 runs, 0 hits, 0 errors, 0 left on base; Detroit 0 - New Jersey 1
TOP OF THE 3RD
Detroit Red Wings batting - Pitching for New Jersey Devils : LHP Gabe Watkins
Batting: SHB David Bantista 0-0: Swinging Strike
0-1: Swinging Strike
0-2: Ball
1-2: Foul Ball, location: 2F
1-2: Strikes out swinging
Batting: RHB Tony Serrano 0-0: Called Strike
0-1: Fly out, F7 (Flyball, 7D, EV 93.8 MPH)
Batting: RHB Bernalldino Carreto 0-0: Ball
1-0: Swinging Strike
1-1: Foul Ball, location: 2F
1-2: Ball
2-2: Fly out, F4 (Popup, 4S, EV 70.0 MPH)
Top of the 3rd over - 0 runs, 0 hits, 0 errors, 0 left on base; Detroit 0 - New Jersey 1
BOTTOM OF THE 3RD
New Jersey Devils batting - Pitching for Detroit Red Wings : LHP Luis Silva
Batting: RHB Roberto Lemus 0-0: Called Strike
0-1: Called Strike
0-2: Ball
1-2: Ball
2-2: Ball
3-2: Base on Balls
Batting: RHB Ryota Tenno 0-0: Called Strike
0-1: Ball
1-1: Foul Ball, location: 2F
1-2: Foul Ball, location: 2F
1-2: Foul Ball, location: 2F
1-2: Ball
2-2: Fly out, F9 (Line Drive, 9, EV 87.5 MPH)
Batting: SHB Nelle van den Berg 0-0: Ball
1-0: Ball
2-0: Swinging Strike
2-1: DOUBLE (Line Drive, 7LM, EV 106.3 MPH)
Roberto Lemus to third
Runner from 3rd tries for Home, SAFE, throw by LF to trailing runner, OUT at third! 7-6-5
Batting: RHB Cesar Chavez 0-0: Ball
1-0: Foul Ball, location: 2F
1-1: Ball
2-1: Ball
3-1: Swinging Strike
3-2: SINGLE (Groundball, 6MD, EV 104.4 MPH)
Batting: RHB Victor Ponce 0-0: Ball
1-0: Foul Ball, location: 2F
1-1: Ball
2-1: Foul Ball, location: 2F
2-2: Ball
3-2: Ground out 2-3 (Groundball, 15S, EV 61.9 MPH)
Bottom of the 3rd over - 1 run, 2 hits, 0 errors, 1 left on base; Detroit 0 - New Jersey 2
TOP OF THE 4TH
Detroit Red Wings batting - Pitching for New Jersey Devils : LHP Gabe Watkins
Batting: RHB Jarne ter Horst 0-0: Fly out, F7 (Flyball, 7, EV 89.4 MPH)
Batting: RHB Aleksandr Ogryzek 0-0: Foul Ball, location: 2F
0-1: Foul Ball, location: 2F
0-2: Ball
1-2: Foul Ball, location: 2F
1-2: SINGLE (Line Drive, 56D, EV 98.8 MPH)
Batting: RHB Marcos Ornelas 0-0: Fly out, F9 (Flyball, 9LS, EV 85.6 MPH)
Batting: LHB Tim Heiny 0-0: Called Strike
0-1: Called Strike
0-2: Ground out 1-3 (Groundball, 34S, EV 90.6 MPH)
Top of the 4th over - 0 runs, 1 hit, 0 errors, 1 left on base; Detroit 0 - New Jersey 2
BOTTOM OF THE 4TH
New Jersey Devils batting - Pitching for Detroit Red Wings : LHP Luis Silva
Batting: RHB Tom Wegner 0-0: Ball
1-0: Ball
2-0: Called Strike
2-1: Foul Ball, location: 2F
2-2: Foul Ball, location: 2F
2-2: Strikes out swinging
Batting: SHB Tomas Caldera 0-0: Fly out, F7 (Flyball, 78M, EV 75.6 MPH)
Batting: RHB Kazuhiro Kudo 0-0: Ball
1-0: SINGLE (Groundball, 6MD, EV 95.0 MPH)
Batting: SHB Ryan Palermo 0-0: Ball
1-0: Fly out, F8 (Flyball, 89M, EV 98.1 MPH)
Bottom of the 4th over - 0 runs, 1 hit, 0 errors, 1 left on base; Detroit 0 - New Jersey 2
TOP OF THE 5TH
Detroit Red Wings batting - Pitching for New Jersey Devils : LHP Gabe Watkins
Batting: RHB Henry Murgas 0-0: Ball
1-0: Foul Ball, location: 2F
1-1: Called Strike
1-2: Strikes out swinging
Batting: RHB Chris Petros 0-0: Called Strike
0-1: Called Strike
0-2: Strikes out looking
Batting: SHB David Bantista 0-0: Foul Ball, location: 2F
0-1: Ball
1-1: Ball
2-1: Fly out, F5 (Popup, 5S, EV 71.3 MPH)
Top of the 5th over - 0 runs, 0 hits, 0 errors, 0 left on base; Detroit 0 - New Jersey 2
BOTTOM OF THE 5TH
New Jersey Devils batting - Pitching for Detroit Red Wings : LHP Luis Silva
Batting: RHB Roberto Lemus 0-0: Ball
1-0: Swinging Strike
1-1: Foul Ball, location: 2F
1-2: Foul Ball, location: 2F
1-2: Ball
2-2: Ball
3-2: Fly out, F8 (Flyball, 8RD, EV 93.1 MPH)
Batting: RHB Ryota Tenno 0-0: Ball
1-0: SINGLE (Groundball, 34D, EV 97.5 MPH)
Batting: SHB Nelle van den Berg 0-0: Called Strike
0-1: Swinging Strike
0-2: Ball
1-2: Foul Ball, location: 2F
1-2: Strikes out swinging
Batting: RHB Cesar Chavez 0-0: Ball
1-0: Ball
2-0: Foul Ball, location: 2F
2-1: Ball
3-1: Called Strike
3-2: Fly out, F7 (Line Drive, 7, EV 105.6 MPH)
Bottom of the 5th over - 0 runs, 1 hit, 0 errors, 1 left on base; Detroit 0 - New Jersey 2
TOP OF THE 6TH
Detroit Red Wings batting - Pitching for New Jersey Devils : LHP Gabe Watkins
Batting: RHB Tony Serrano 0-0: Foul Ball, location: 2F
0-1: Called Strike
0-2: Strikes out swinging
Batting: RHB Bernalldino Carreto 0-0: Foul Ball, location: 2F
0-1: Ball
1-1: Ground out 4-3 (Groundball, 4, EV 78.8 MPH)
Batting: RHB Jarne ter Horst 0-0: Ball
1-0: Foul Ball, location: 2F
1-1: Ball
2-1: Ball
3-1: Fly out, F9 (Line Drive, 9D, EV 101.9 MPH)
Top of the 6th over - 0 runs, 0 hits, 0 errors, 0 left on base; Detroit 0 - New Jersey 2
BOTTOM OF THE 6TH
New Jersey Devils batting - Pitching for Detroit Red Wings : LHP Luis Silva
Pitching: RHP Jeff Reed
Batting: RHB Victor Ponce 0-0: SINGLE (Groundball, 34D, EV 101.9 MPH)
Batting: RHB Tom Wegner 0-0: Ball
1-0: Ball
2-0: Ball
3-0: Called Strike
3-1: Foul Ball, location: 2F
3-2: Fly out, F7 (Flyball, 7S, EV 81.9 MPH)
Batting: SHB Tomas Caldera 0-0: Foul Ball, location: 2F
0-1: Swinging Strike
0-2: Ball
1-2: Fly out, F5 (Flyball, 5D, EV 94.4 MPH)
Batting: RHB Kazuhiro Kudo 0-0: Ball
1-0: Ball
2-0: Ball
3-0: Base on Balls
Victor Ponce to second
Batting: SHB Ryan Palermo 0-0: Ball
1-0: Ball
2-0: Ball
3-0: Base on Balls
Victor Ponce to third
Kazuhiro Kudo to second
Batting: RHB Roberto Lemus 0-0: Swinging Strike
0-1: Ball
1-1: Ground out 4-3 (Groundball, 4, EV 84.4 MPH)
Bottom of the 6th over - 0 runs, 1 hit, 0 errors, 3 left on base; Detroit 0 - New Jersey 2
TOP OF THE 7TH
Detroit Red Wings batting - Pitching for New Jersey Devils : LHP Gabe Watkins
Batting: RHB Aleksandr Ogryzek 0-0: Ball
1-0: Ball
2-0: DOUBLE (Flyball, 89D, EV 103.8 MPH)
Batting: RHB Marcos Ornelas 0-0: Ball
1-0: SINGLE (Groundball, 4MD, EV 100.0 MPH)
Aleksandr Ogryzek to third
Runner from 3rd tries for Home, SAFE, throw by CF to home
Batting: LHB Tim Heiny 0-0: Ball
1-0: Ball
2-0: Sac Bunt to 13S - play at second, runner OUT! 1-6
Batting: RHB Henry Murgas 0-0: Ball
1-0: Foul Ball, location: 2F
1-1: Fly out, F7 (Line Drive, 7, EV 90.0 MPH)
Pinch Hitting: LHB Joel Kunkler 0-0: Called Strike
0-1: Ball
1-1: Called Strike
1-2: Ball
2-2: Foul Ball, location: 2F
2-2: Strikes out swinging
Top of the 7th over - 1 run, 2 hits, 0 errors, 1 left on base; Detroit 1 - New Jersey 2
BOTTOM OF THE 7TH
New Jersey Devils batting - Pitching for Detroit Red Wings : RHP Jeff Reed
Now at 3B: Joel Kunkler
Batting: RHB Ryota Tenno 0-0: Swinging Strike
0-1: Foul Ball, location: 2F
0-2: SOLO HOME RUN (Flyball, 7LD, EV 106.9 MPH), Distance : 364 ft
Batting: SHB Nelle van den Berg 0-0: Swinging Strike
0-1: SOLO HOME RUN (Flyball, 7LD, EV 103.1 MPH), Distance : 340 ft
Batting: RHB Cesar Chavez 0-0: Ball
1-0: Ball
2-0: Called Strike
2-1: Fly out, F7 (Line Drive, 7LM, EV 106.3 MPH)
Batting: RHB Victor Ponce 0-0: Ball
1-0: Ball
2-0: Foul Ball, location: 2F
2-1: Ball
3-1: Foul Ball, location: 2F
3-2: Ground out 6-3 (Groundball, 6M, EV 85.6 MPH)
Batting: RHB Tom Wegner 0-0: Ball
1-0: Called Strike
1-1: Ball
2-1: Called Strike
2-2: Ball
3-2: Fly out, F9 (Flyball, 9LM, EV 90.0 MPH)
Bottom of the 7th over - 2 runs, 2 hits, 0 errors, 0 left on base; Detroit 1 - New Jersey 4
TOP OF THE 8TH
Detroit Red Wings batting - Pitching for New Jersey Devils : LHP Gabe Watkins
Pitching: LHP Jimmy Genge
Batting: SHB David Bantista 0-0: Bunt for hit to 23 - play at first, batter OUT! 3-4
Batting: RHB Tony Serrano 0-0: Swinging Strike
0-1: Ball
1-1: Called Strike
1-2: Foul Ball, location: 2F
1-2: Strikes out looking
Batting: RHB Bernalldino Carreto 0-0: Called Strike
0-1: Ball
1-1: Ball
2-1: Foul Ball, location: 2F
2-2: Strikes out swinging
Top of the 8th over - 0 runs, 0 hits, 0 errors, 0 left on base; Detroit 1 - New Jersey 4
BOTTOM OF THE 8TH
New Jersey Devils batting - Pitching for Detroit Red Wings : RHP Jeff Reed
Pitching: RHP Steve Waller
Batting: SHB Tomas Caldera 0-0: Ball
1-0: Fly out, F9 (Line Drive, 9, EV 99.4 MPH)
Batting: RHB Kazuhiro Kudo 0-0: Called Strike
0-1: Ball
1-1: Fly out, F8 (Flyball, 8RD, EV 105.6 MPH)
Batting: SHB Ryan Palermo 0-0: Foul Ball, location: 2F
0-1: Ball
1-1: Foul Ball, location: 2F
1-2: Strikes out swinging
Bottom of the 8th over - 0 runs, 0 hits, 0 errors, 0 left on base; Detroit 1 - New Jersey 4
TOP OF THE 9TH
Detroit Red Wings batting - Pitching for New Jersey Devils : LHP Jimmy Genge
Pitching: LHP Jake Cochran
Batting: RHB Jarne ter Horst 0-0: Foul Ball, location: 2F
0-1: Ground out 1-3 (Groundball, 13S, EV 72.5 MPH)
Batting: RHB Aleksandr Ogryzek 0-0: Ball
1-0: Called Strike
1-1: Ground out 5-3 (Groundball, 56S, EV 90.6 MPH)
Batting: RHB Marcos Ornelas 0-0: Ball
1-0: Swinging Strike
1-1: Foul Ball, location: 2F
1-2: Ground out 4-3 (Groundball, 4, EV 83.1 MPH)
Top of the 9th over - 0 runs, 0 hits, 0 errors, 0 left on base; Detroit 1 - New Jersey 4
Wednesday, June 22nd , 2022 - OOTP Baseball 23.4 Build 64